 Dungeon Crawl Stone Soup version 0.27-a0-1139-g28e009f8a6 (webtiles) character file.

Game seed: 16993179876899513079

1656 EnegeticOcto the Cleaver (level 9, -2/118 HPs)
             Began as a Hill Orc Arcane Marksman on May 8, 2021.
             Was a Believer of Ashenzari.
             Slain by a troll (6 damage)
             ... on level 6 of the Dungeon.
             The game lasted 00:18:51 (8514 turns).

EnegeticOcto the Cleaver (Hill Orc Arcane Marksman) Turns: 8514, Time: 00:18:52

Health: -2/118     AC: 24    Str: 16    XL:     9   Next: 0%
Magic:  10/10      EV:  2    Int: 13    God:    Ashenzari [**....]
Gold:   77         SH:  0    Dex: 11    Spells: 7/10 levels left

rFire    . . .     SeeInvis +   (no weapon)
rCold    . . .     Faith    .   (no shield)
rNeg     + + +     Spirit   .   (armour currently unavailable)
rPois    +         Reflect  .   (helmet currently unavailable)
rElec    .         Harm     .   (cloak currently unavailable)
rCorr    .         Rampage  .   (gloves currently unavailable)
Will     .....     NoTele   +   (boots currently unavailable)
Stlth    +.........             (no amulet)
HPRegen  0.29/turn              v - ring of poison resistance
MPRegen  0.12/turn              r - ring "Esoteric Seeker" {SInv, Comp, Melee} (curse)

@: tree-form
A: stationary, stasis, torment immunity, boosted hp
a: Renounce Religion, Shatter the Chains


You were on level 6 of the Dungeon.
You worshipped Ashenzari.
Ashenzari was pleased with you.
You were a tree.
You visited 1 branch of the dungeon, and saw 6 of its levels.

You collected 227 gold pieces.
You spent 150 gold pieces at shops.

Inventory:

Hand Weapons
 a - a +0 hand crossbow
 b - a +0 hand axe
   (You found it on level 2 of the Dungeon)
 g - the +2 whip "Qasuoru" {vorpal, Fly rN+ Dex+4}
   (You bought it in a shop on level 4 of the Dungeon)

   It inflicts extra damage upon your enemies.
   It affects your dexterity (+4).
   It protects you from negative energy.
   It grants you flight.
 z - a +4 dagger of draining
   (You took it off Dowan on level 4 of the Dungeon)
Missiles
 d - 55 bolts
 i - 177 stones (quivered)
 o - 4 poisoned darts
 q - 6 silver boomerangs
 t - 2 boomerangs
Armour
 s - the cursed scarf "Share My Suspicion" (melded) {shadows, Alch, Range}
   (You found it on level 4 of the Dungeon)

   It has a curse which improves the following skills: Alchemy: Poison Magic and
   Transmutations.
   Ranged Combat: Slings, Bows, Crossbows and Throwing.
 w - a +0 pair of gloves (melded)
   (You found it on level 4 of the Dungeon)
 y - a +0 pair of boots (melded)
   (You found it on level 5 of the Dungeon)
 A - a +3 leather armour of cold resistance
   (You took it off Duvessa on level 4 of the Dungeon)
 F - the cursed +0 plate armour of Ashenzari's Annoyance (melded) {Elem, Range}
   (You found it on level 6 of the Dungeon)

   It has a curse which improves the following skills: Elements: Fire Magic, Ice
   Magic, Air Magic and Earth Magic.
   Ranged Combat: Slings, Bows, Crossbows and Throwing.
Jewellery
 p - a +6 ring of dexterity
   (You found it on level 3 of the Dungeon)
 r - the cursed ring "Esoteric Seeker" (right branch) {SInv, Comp, Melee}
   (You found it on level 3 of the Dungeon)

   [ring of see invisible]

   It lets you see invisible.
   It has a curse which improves the following skills: Companions: Summonings
   and Necromancy.
   Melee Combat: Short Blades, Long Blades, Axes, Maces & Flails, Polearms,
   Staves and Unarmed Combat.
 v - a ring of poison resistance (left branch)
   (You found it on level 5 of the Dungeon)
Scrolls
 c - 2 scrolls of enchant weapon
 e - a scroll of fear {!r}
 f - 2 scrolls of teleportation {@r3 !r}
 k - 2 scrolls of enchant armour
 l - 3 scrolls of fog {!r}
Potions
 h - a potion of invisibility
 m - 2 potions of flight
 n - 2 potions of resistance
 x - 2 potions of haste {@q4 !q}
 D - a potion of attraction


   Skills:
 - Level 7.0 Fighting
 + Level 10.4(11.7) Axes
 - Level 2.0 Crossbows
 + Level 4.1 Throwing
 + Level 0.0 Armour
 - Level 1.5 Dodging
 - Level 1.0 Spellcasting
 - Level 3.0 Hexes


You had 7 spell levels left.
You knew the following spells:

 Your Spells              Type           Power      Damage    Failure   Level
a - Corona                Hex            8%         N/A       9%          1
b - Slow                  Hex            8%         N/A       12%         2

Your spell library contained the following spells:

 Spells                   Type           Power      Damage    Failure   Level
 Beastly Appendage        Tmut           0%         N/A       28%         1
 Wereblood                Tmut           0%         N/A       38%         2
 Inner Flame              Hex/Fire       4%         N/A       41%         3
 Portal Projectile        Hex/Tloc       8%         N/A       41%         3
 Spider Form              Tmut/Pois      0%         N/A       63%         3
 Cause Fear               Hex            4%         N/A       63%         4
 Leda's Liquefaction      Hex/Erth       2%         N/A       83%         4
 Ice Form                 Ice/Tmut       0%         N/A       95%         4
 Hydra Form               Tmut           0%         N/A       100%        5


Dungeon Overview and Level Annotations

Branches:
Dungeon (6/15)
 Temple: D:4-7

Altars:
Ashenzari
Cheibriados
Ru
Trog
Xom

Shops:
D:4 (


Message History

The troll seems less confused.
The troll is no longer blind.
Throw: 2 darts (atropa)
Press: ? - help, Q - select action, (/) - cycle Shift-Dir - straight line, f/p - troll
Aim: a troll (60% to hit, chance to blind on hit: 39%)
You throw an atropa-tipped dart.
The atropa-tipped dart closely misses the troll.
Throw: dart (atropa)
Press: ? - help, Q - select action, (/) - cycle Shift-Dir - straight line, f/p - troll
Aim: a troll (59% to hit, chance to blind on hit: 39%)
You throw an atropa-tipped dart. The atropa-tipped dart hits the troll!
The troll resists.
The troll bites you. The troll claws you but does no damage.
The troll claws you.
Okay, then.
Okay, then.
Aiming: Mindburst
Press: ? - help, Shift-Dir - straight line, f/p - troll
Aim: a troll (chance to affect: 65%)
The troll's mind is blasted!!
Aiming: Mindburst
Press: ? - help, Shift-Dir - straight line, f/p - troll
Aim: a troll (heavily wounded, chance to affect: 65%)
The troll's mind is blasted!
The troll bites you but does no damage.
The troll claws you but does no damage. x2
Aiming: Mindburst
Press: ? - help, Shift-Dir - straight line, f/p - troll
Aim: a troll (severely wounded, chance to affect: 65%)
The troll struggles to resist.
The now-empty wand crumbles to dust.
The troll bites you! The troll claws you. x2
You aren't carrying any items that you can evoke.
Unknown command.
You hit the troll.
The troll is severely wounded.
The troll bites you! The troll claws you. The troll completely misses you.
You hit the troll.
The troll is severely wounded.
The troll bites you but does no damage. The troll claws you.
The troll completely misses you.
You hit the troll.
The troll is almost dead.
You hit the troll but do no damage.
The troll is almost dead.
The troll bites you. The troll claws you but does no damage.
The troll claws you.
You hit the troll.
The troll is almost dead.
The troll bites you. The troll claws you.
* * * LOW HITPOINT WARNING * * *
The troll claws you but does no damage.
You hit the troll but do no damage.
The troll is almost dead.
Really quaff
B - a potion of heal wounds {@q2 !q}?
You feel much better. The troll bites you but does no damage.
The troll claws you but does no damage. The troll claws you.
You hit the troll.
The troll is almost dead.
The troll bites you! The troll claws you but does no damage.
The troll completely misses you.
You barely miss the troll.
The troll is almost dead.
The troll bites you but does no damage. The troll claws you.
* * * LOW HITPOINT WARNING * * *
The troll claws you but does no damage.
You aren't carrying any items that you can evoke.
You hit the troll.
The troll is almost dead.
The troll bites you!
* * * LOW HITPOINT WARNING * * *
The troll claws you.
* * * LOW HITPOINT WARNING * * *
The troll claws you.
* * * LOW HITPOINT WARNING * * *
Really quaff
C - a potion of curing {@q1 !q}?
You feel better. The troll barely misses you. The troll claws you.
* * * LOW HITPOINT WARNING * * *
The troll claws you.
* * * LOW HITPOINT WARNING * * *
Really quaff the potion of lignification?
You turn into a tree.
The cursed scarf "Share My Suspicion" {shadows, Alch, Range} melds into your body.
Your +0 pair of gloves melds into your body.
Your +0 pair of boots melds into your body.
The cursed +0 plate armour of Ashenzari's Annoyance {Elem, Range} melds into your body.
The dungeon's light returns to normal.
Your roots penetrate the ground.
The troll bites you but does no damage. The troll claws you but does no damage.
The troll claws you!
* * * LOW HITPOINT WARNING * * *
Okay, then.
You are now empty-handed.
You hit the troll but do no damage.
The troll is almost dead.
The troll bites you.
* * * LOW HITPOINT WARNING * * *
The troll claws you but does no damage. The troll claws you.
* * * LOW HITPOINT WARNING * * *
You hit the troll.
The troll is almost dead.
The troll bites you.
You die...

....####(.##..## #
..(>..((...#.## #...
# #......###..##
#.... # ...#####
##..## ..... # ..##
##(.## #..... # .##
##..##...... ## .#
##......... ######.
.#
##T.##########......
.#
##♣..##......######
## ##.....####### #
##......## #
###..##....# #
##...####...# #
##...##
#...##########
##########..###
#...#........##
...........##
##............#
#########.##
##.###########


You could see a troll.

Vanquished Creatures
  A water moccasin (D:6)
  Duvessa (D:4)
  A necrophage (D:5)
  An ice beast (D:6)
  3 ogres
  2 centaurs
  Dowan (D:4)
  A wyvern zombie (D:6)
  A scorpion (D:5)
  A vampire bat (D:3)
  A jelly (D:4)
  A bullfrog zombie (D:6)
  A centaur zombie (D:5)
  An orc priest (D:6)
  4 hounds
  3 iguanas
  3 orc wizards
  A hound zombie (D:5)
  A howler monkey zombie (D:5)
  5 adders
  A white imp (D:5)
  An ufetubus (D:4)
  2 adder skeletons (D:4)
  2 worms
  3 fire bats (D:3)
  4 orcs
  2 spectral bats (D:3)
  10 bats
  A bat simulacrum (D:3)
  3 bat skeletons (D:3)
  A bat zombie (D:3)
  5 endoplasms
  2 giant cockroaches (D:1)
  A goblin (D:4)
  8 hobgoblins
  5 jackals (D:1)
  A quokka (D:4)
  7 ball pythons
  7 frilled lizards
  8 kobolds
  4 rats
112 creatures vanquished.

Notes
Turn   | Place    | Note
-------+----------+-------------------------------------------
     0 | D:1      | EnegeticOcto the Hill Orc Arcane Marksman began the quest
                  | for the Orb.
     0 | D:1      | Reached XP level 1. HP: 16/16 MP: 2/2
    50 | D:1      | Reached skill level 2 in Fighting
   138 | D:1      | Reached XP level 2. HP: 25/25 MP: 0/3
   424 | D:1      | Reached skill level 3 in Fighting
   552 | D:1      | Learned a level 2 spell: Slow
  1060 | D:2      | Reached XP level 3. HP: 31/31 MP: 4/4
  1211 | D:2      | Found a broken altar of Ashenzari.
  1230 | D:2      | Became a worshipper of Ashenzari the Shackled
  1389 | D:2      | Found a faded altar of an unknown god.
  1454 | D:2      | Reached skill level 1 in Axes
  1667 | D:3      | Reached skill level 4 in Fighting
  1701 | D:3      | Reached XP level 4. HP: 40/40 MP: 5/5
  1927 | D:3      | Reached skill level 2 in Axes
  1961 | D:3      | Reached skill level 3 in Axes
  1961 | D:3      | Reached XP level 5. HP: 35/47 MP: 6/6
  2256 | D:3      | Reached skill level 5 in Fighting
  2256 | D:3      | Reached skill level 4 in Axes
  3178 | D:3      | Reached * piety under Ashenzari
  3286 | D:4      | Noticed an ogre
  3403 | D:3      | Reached skill level 5 in Axes
  3403 | D:3      | Reached XP level 6. HP: 54/56 MP: 7/7
  3418 | D:4      | Reached skill level 6 in Axes
  3583 | D:4      | Found Xonioll's Antique Weapon Emporium.
  3725 | D:4      | Found a bloodstained altar of Trog.
  4230 | D:4      | Noticed Duvessa
  4235 | D:4      | Noticed Dowan
  4372 | D:4      | Reached skill level 2 in Crossbows
  4456 | D:4      | Found a sacrificial altar of Ru.
  4483 | D:5      | Entered Level 5 of the Dungeon
  4597 | D:5      | Noticed a necrophage
  4607 | D:5      | Killed a necrophage
  4607 | D:5      | Noticed a two-headed ogre
  4608 | D:5      | Reached skill level 7 in Axes
  4608 | D:5      | Reached XP level 7. HP: 51/62 MP: 8/8
  4687 | D:4      | Reached skill level 6 in Fighting
  4714 | D:4      | Identified the cursed +0 robe of Supernal Understanding
                  | {Evo, Alch}
  4996 | D:4      | Bought a faintly glowing whip for 150 gold pieces
  4996 | D:4      | Identified the +2 whip "Qasuoru" {vorpal, Fly rN+ Dex+4}
                  | (You bought it in a shop on level 4 of the Dungeon)
  5481 | D:4      | Reached skill level 8 in Axes
  6050 | D:5      | Reached skill level 7 in Fighting
  6050 | D:5      | Reached XP level 8. HP: 45/73 MP: 9/9
  6055 | D:5      | Reached ** piety under Ashenzari
  6311 | D:5      | Reached skill level 1 in Throwing
  6619 | D:4      | Killed Duvessa
  6623 | D:4      | Killed Dowan
  6624 | D:4      | Reached skill level 9 in Axes
  6624 | D:4      | Reached skill level 2 in Throwing
  7059 | D:6      | Found a snail-covered altar of Cheibriados.
  7285 | D:6      | Found a shimmering altar of Xom.
  7439 | D:6      | Reached skill level 3 in Throwing
  7672 | D:6      | Reached skill level 10 in Axes
  7868 | D:6      | Reached skill level 4 in Throwing
  8195 | D:6      | Reached XP level 9. HP: 68/79 MP: 10/10
  8414 | D:6      | Noticed a troll
  8513 | D:6      | HP: 4/118 [troll (3)]
  8514 | D:6      | Slain by a troll

Illustrated notes

Levels and vault maps discovered:
D:1:      shiori_arrival_maze, layout_rooms
D:2:      layout_basic, basic_altar, shapermc_ecumenical_altar_totnotflames
D:3:      layout_basic, goddamned_bats
D:4:      layout_basic, marbit_many_paths, lemuel_round_altar, serial_shops,
          shop, uniq_duvessa
D:5:      layout_loops_cross, lemuel_coloured_pillars_altar
D:6:      layout_cave_pods, old_standard_altar, cheibriados_altar_1

Skill      XL: |  1  2  3  4  5  6  7  8 |
---------------+-------------------------+-----
Fighting       | 2 3 4 5 7 |  7.0
Axes           | 1 3 5 7 8 10 | 10.4
Crossbows      | 2 |  2.0
Throwing       | 4 |  4.1
Dodging        | |  1.5
Spellcasting   | |  1.0
Hexes          | |  3.0

Action                   |  1- 3 |  4- 6 |  7- 9 || total
-------------------------+-------+-------+-------++-------
Melee: Unarmed           |    59 |       |     8 ||    67
       Hand axe          |       |    93 |   229 ||   322
 Fire: Hand crossbow     |    66 |    88 |    11 ||   165
Throw: Dart              |       |       |    14 ||    14
       Stone             |       |       |     5 ||     5
       Boomerang         |       |       |    24 ||    24
 Cast: Corona            |    19 |       |       ||    19
       Slow              |       |     3 |    11 ||    14
Invok: Curse Item        |       |     2 |     2 ||     4
       Shatter the Chain |       |       |     1 ||     1
Evoke: Wand              |       |     3 |    12 ||    15
  Use: Potion            |       |     1 |     5 ||     6
       Scroll            |       |       |     1 ||     1
Armor: Robe              |    19 |    53 |    19 ||    91
       Skin              |       |       |    22 ||    22
       Leather armour    |       |       |    33 ||    33
       Plate armour      |       |       |    13 ||    13
Dodge: Dodged            |    64 |   149 |   125 ||   338

Table legend: (Time is in decaauts)
 A = Elapsed time spent in this place.
 B = Non-inter-level travel time spent in this place.
 C = Inter-level travel time spent in this place.
 D = Time resting spent in this place.
 E = Time spent auto-exploring this place.
 F = Levels seen in this place.
 G = Mean time per level.
                   A        B        C        D        E       F      G
               +--------+--------+--------+--------+--------+-----+--------+
         Total |   8536 |   8163 |    373 |   2560 |   3665 |   6 | 1422.7 |
       Dungeon |   8536 |   8163 |    373 |   2560 |   3665 |   6 | 1422.7 |
               +--------+--------+--------+--------+--------+-----+--------+

Top non-repeatable levels by time:
     D:4: 2023 daAuts
     D:3: 1876 daAuts
     D:5: 1469 daAuts
     D:6: 1312 daAuts
     D:1: 1001 daAuts
     D:2: 853 daAuts
